 Dungeon Crawl Stone Soup version 0.27-a0-869-g165b36e3f0 (webtiles) character file.

Game seed: 115125021998649794

49 leviel the Skirmisher (level 3, -18/34 HPs)
             Began as a Hill Orc Fighter on Apr 3, 2021.
             Was a Follower of Cheibriados.
             Killed from afar by Ijyb (19 damage)
             ... with a bolt of acid
             ... on level 3 of the Dungeon.
             The game lasted 00:02:18 (1879 turns).

leviel the Skirmisher (Hill Orc Fighter)            Turns: 1879, Time: 00:02:19

Health: -18/34     AC:  6    Str: 22    XL:     3   Next: 75%
Magic:  3/3        EV:  7    Int: 11    God:    Cheibriados [*.....]
Gold:   135        SH:  9    Dex: 13    Spells: 2/2 levels left

rFire    . . .     SeeInvis .   a - +0 war axe
rCold    . . .     Faith    .   c - +0 kite shield
rNeg     . . .     Spirit   .   b - +0 scale mail
rPois    .         Reflect  .   (no helmet)
rElec    .         Harm     .   (no cloak)
rCorr    .         Rampage  .   (no gloves)
Will     .....                  (no boots)
Stlth    ..........             (no amulet)
HPRegen  0.11/turn              (no ring)
MPRegen  0.08/turn              (no ring)

@: very slow
A: no striking features
a: Renounce Religion, Bend Time


You were on level 3 of the Dungeon.
You worshipped Cheibriados.
Cheibriados was aware of your devotion.
You visited 1 branch of the dungeon, and saw 3 of its levels.

You collected 135 gold pieces.

Inventory:

Hand Weapons
 a - a +0 war axe (weapon)
Missiles
 k - 6 boomerangs (quivered)
Armour
 b - a +0 scale mail (worn)
 c - a +0 kite shield (worn)
Scrolls
 g - a scroll of silence {unknown}
 h - a scroll of amnesia {unknown}
 i - a scroll of teleportation {unknown}
 j - 2 scrolls of noise {unknown}
 n - a scroll of fear {unknown}
 o - a scroll of holy word {unknown}
Potions
 d - a potion of might
 e - 2 potions of curing {unknown}
 f - a potion of resistance {unknown}
 l - a potion of lignification {unknown}
 m - a potion of mutation {unknown}
 p - a potion of heal wounds {unknown}


   Skills:
 * Level 4.5 Fighting
 + Level 3.7 Axes
 + Level 0.2 Throwing
 - Level 3.4 Armour
 - Level 3.5 Shields
 + Level 0.3 Invocations


You had 2 spell levels left.
You didn't know any spells.
Your spell library was empty.

Dungeon Overview and Level Annotations

Branches:
Dungeon (3/15)

Altars:
Cheibriados
Gozag

Annotations:
D:3 Ijyb


Message History

There is a stone staircase leading up here.
You now have 116 gold pieces (gained 8).
A hobgoblin comes into view.
The hobgoblin shouts!
A hobgoblin is nearby!
A hobgoblin is nearby!
You closely miss the hobgoblin. The hobgoblin hits you.
You block the hobgoblin's attack.
You closely miss the hobgoblin. The hobgoblin hits you.
You hit the hobgoblin.
The hobgoblin is almost dead.
The hobgoblin barely misses you.
The hobgoblin hits you but does no damage.
You closely miss the hobgoblin.
The hobgoblin is almost dead.
The hobgoblin barely misses you.
The hobgoblin hits you but does no damage.
You slash the hobgoblin!
You kill the hobgoblin!
Cheibriados appreciates the change of pace.
No target in view!
No target in view!
No target in view!
No target in view!
No target in view!
No target in view!
Found an escape hatch in the ceiling.
There is an escape hatch in the ceiling here.
You now have 135 gold pieces (gained 19).
Found 23 stones.
You see here 23 stones.
Ijyb the Twisted Goblin comes into view.
She is wielding a +0 dagger and carrying a wand of acid (4).
Ijyb shouts!
Ijyb zaps a wand.
The bolt of acid hits you!!
Ouch! That really hurt!
You are splashed with acid!
* * * LOW HITPOINT WARNING * * *
Ijyb zaps a wand.
The bolt of acid hits you!!
Ouch! That really hurt!
You die...

#.<..#..#.....
#..#...###......##
# #..##.## #......
# #..##..## ....g
######.......#.
...
............... ..
#######.########
.# #.#########.#
#....(....@.#
#############


You could see Ijyb.

Vanquished Creatures
  An adder (D:2)
  2 dart slugs (D:1)
  4 ball pythons
  A bat (D:2)
  5 endoplasms
  2 giant cockroaches (D:1)
  4 hobgoblins
  4 jackals
  A kobold (D:1)
  A quokka (D:1)
  A frilled lizard (D:1)
  5 rats
31 creatures vanquished.

Vanquished Creatures (others)
  A plant (D:1)
1 creature vanquished.

Grand Total: 32 creatures vanquished

Notes
Turn   | Place    | Note
-------+----------+-------------------------------------------
     0 | D:1      | leviel the Hill Orc Fighter began the quest for the Orb.
     0 | D:1      | Reached XP level 1. HP: 19/19 MP: 1/1
   156 | D:1      | Reached XP level 2. HP: 27/27 MP: 2/2
   160 | D:1      | Found a faded altar of an unknown god.
   303 | D:1      | Reached skill level 4 in Fighting
   528 | D:1      | Reached XP level 3. HP: 22/33 MP: 3/3
   675 | D:1      | Became a worshipper of Cheibriados the Contemplative
   675 | D:1      | Reached * piety under Cheibriados
  1622 | D:3      | Found an opulent altar of Gozag.
  1879 | D:3      | Noticed Ijyb
  1879 | D:3      | HP: 1/34 [acid (14)]
  1879 | D:3      | Killed from afar by Ijyb

Illustrated notes

Levels and vault maps discovered:
D:1:      eino_arrival_water_cross, layout_rooms, ebering_ecumenical_altar_webs,
          serial_forest, infiniplex_forest_lined_room_3,
          infiniplex_forest_lined_2, infiniplex_forest_lined_4_way,
          infiniplex_forest_clump_double, infiniplex_forest_clump_diagonal,
          infiniplex_forest_clump_tiny, infiniplex_forest_clump_medium,
          infiniplex_forest_lined_1
D:2:      layout_basic
D:3:      layout_loops_ring, grunt_gozag_breadcrumbs,
          grunt_temple_overflow_open, uniq_ijyb

Skill      XL: |  1  2 |
---------------+-------+-----
Axes           | 3 |  3.7
Fighting       | 4 |  4.5
Throwing       | |  0.2
Armour         | |  3.4
Shields        | |  3.5
Invocations    | |  0.3

Action                   || total
-------------------------++-------
Melee: War axe           ||    66
Armor: Scale mail        ||    30
Dodge: Dodged            ||    18
Block: Kite shield       ||    33

Table legend: (Time is in decaauts)
 A = Elapsed time spent in this place.
 B = Non-inter-level travel time spent in this place.
 C = Inter-level travel time spent in this place.
 D = Time resting spent in this place.
 E = Time spent auto-exploring this place.
 F = Levels seen in this place.
 G = Mean time per level.
                   A        B        C        D        E       F      G
               +--------+--------+--------+--------+--------+-----+--------+
         Total |   2320 |   2238 |     82 |      0 |   2057 |   3 |  773.3 |
       Dungeon |   2320 |   2238 |     82 |      0 |   2057 |   3 |  773.3 |
               +--------+--------+--------+--------+--------+-----+--------+

Top non-repeatable levels by time:
     D:1: 1064 daAuts
     D:2: 769 daAuts
     D:3: 486 daAuts
